 Dungeon Crawl Stone Soup version 0.30-a0-743-gbfdf073431 (webtiles) character file.

Game seed: 8984521361838017247

117384 Rrauwl the Pandemonic (level 16, -19/122 HPs)
             Began as a Demonspawn Fighter on Feb 8, 2023.
             Was a High Priest of Makhleb.
             Killed from afar by a merfolk aquamancer (30 damage)
             ... with a shard of ice
             ... on level 2 of the Shoals.
             The game lasted 01:51:29 (29849 turns).

Rrauwl the Pandemonic (Demonspawn Fighter)         Turns: 29849, Time: 01:51:30

Health: -19/122    AC: 25    Str: 34    XL:     16   Next: 23%
Magic:  39/39      EV: 11    Int: 15    God:    Makhleb [*****.]
Gold:   4163       SH: 10    Dex: 15    Spells: 15/15 levels left

rFire   . . .      SeeInvis +    a - +6 trident (heavy)
rCold   . . .      Faith    .    c - +1 buckler
rNeg    . . .      Spirit   .    M - +6 chain mail of Dixubrot {rElec Int+4}
rPois   .          Reflect  .    B - +2 hat {Will+}
rElec   +          Harm     .    T - +2 cloak {rCorr}
rCorr   +          Rampage  +    (gloves unavailable)
Will    +++..                    n - +0 pair of boots Stlth
                                 h - amulet "Gexzuse" {Rampage Regen+ MP+9 Str+3}
HPRegen 1.20/turn                C - ring of the Voracious Apricot {rCorr Str+5 Dex-3 SInv}
MPRegen 0.26/turn                d - +6 ring of strength

@: very slow
A: antennae 2, hooves 2, condensation shield, bedeviling, demonic touch 3, agile
1, strong-willed 1, wild magic 1
a: Renounce Religion, Minor Destruction, Lesser Servant of Makhleb, Major
Destruction, Greater Servant of Makhleb


You were on level 2 of the Shoals.
You worshipped Makhleb.
Makhleb was extremely pleased with you.
You visited 5 branches of the dungeon, and saw 26 of its levels.
You also visited: Sewer and Ossuary.

You collected 4497 gold pieces.
You spent 334 gold pieces at shops.

Inventory:

Hand Weapons
 a - a +6 heavy trident (weapon)
Missiles
 l - a boomerang of dispersal
 D - 4 throwing nets (quivered)
Armour
 c - a +1 buckler (worn)
 n - a +0 pair of boots (worn)
 B - a +2 hat of willpower (worn)
 M - the +6 chain mail of Dixubrot (worn) {rElec Int+4}
   (You found it on level 8 of the Dungeon)

   Int:       It affects your intelligence (+4).
   rElec:     It insulates you from electricity.
 T - a +2 cloak of preservation (worn)
Jewellery
 b - a ring of resist corrosion
 d - a +6 ring of strength (right hand)
 h - the amulet "Gexzuse" (around neck) {Rampage Regen+ MP+9 Str+3}
   (You took it off a centaur warrior on level 15 of the Dungeon)

   [amulet of regeneration]

   Str:       It affects your strength (+3).
   MP:        It affects your magic capacity (+9).
   Regen:     It increases your rate of health regeneration.
   Rampage:   It bestows one free step when moving towards enemies.
 C - the ring of the Voracious Apricot (left hand) {rCorr Str+5 Dex-3 SInv}
   (You acquired it on level 15 of the Dungeon)

   [ring of resist corrosion]

   Str:       It affects your strength (+5).
   Dex:       It affects your dexterity (-3).
   SInv:      It lets you see invisible.
   rCorr:     It protects you from acid and corrosion.
 O - a ring of protection from fire
Wands
 s - a wand of polymorph (11)
 A - a wand of paralysis (10)
 J - a wand of flame (25)
Scrolls
 k - 6 scrolls of fog
 t - a scroll of brand weapon
 w - 6 scrolls of poison
 y - 2 scrolls of immolation
 E - 7 scrolls of magic mapping
 H - 24 scrolls of identify
 I - 2 scrolls of fear
 L - 8 scrolls of teleportation
Potions
 e - 5 potions of lignification
 f - 7 potions of ambrosia
 g - 9 potions of curing
 i - 8 potions of attraction
 j - 3 potions of haste
 p - 2 potions of resistance
 q - 6 potions of mutation
 z - a potion of might
 G - 3 potions of cancellation
 K - 3 potions of flight
 P - a potion of invisibility
Miscellaneous
 x - a phial of floods
 F - a condenser vane


   Skills:
 - Level 10.0 Fighting
 - Level 16.0 Polearms
 + Level 12.9 Armour
 - Level 4.0 Dodging
 - Level 6.0 Shields
 - Level 20.0 Invocations
 - Level 5.0 Evocations


You had 15 spell levels left.
You didn't know any spells.
Your spell library contained the following spells:

 Spells                   Type           Power      Damage    Failure   Level
 Apportation              Tloc           0%         N/A       78%         1
 Kiss of Death            Conj/Necr      0%         2d5       78%         1
 Necrotise                Necr           0%         1d4       78%         1
 Slow                     Hex            0%         N/A       78%         1
 Sting                    Tmut/Pois      0%         1d3       78%         1
 Summon Small Mammal      Summ           0%         N/A       78%         1
 Cigotuvi's Dreadful Rot  Necr/Pois/Air  0%         N/A       89%         2
 Poisonous Vapours        Pois/Air       0%         N/A       89%         2
 Confusing Touch          Hex            0%         N/A       98%         3
 Dazzling Flash           Conj/Hex       0%         N/A       98%         3
 Hailstorm                Conj/Ice       0%         3d3       98%         3
 Inner Flame              Hex/Fire       0%         N/A       98%         3
 Vampiric Draining        Necr           0%         2d6       98%         3
 Dispel Undead            Necr           0%         3d6       100%        4
 Flame Wave               Conj/Fire      0%         2d4       100%        4
 Ice Form                 Ice/Tmut       0%         N/A       100%        4
 Leda's Liquefaction      Hex/Erth       0%         N/A       100%        4
 Olgreb's Toxic Radiance  Pois           0%         N/A       100%        4
 Sticky Flame             Conj/Fire      0%         2d3       100%        4
 Agony                    Necr           0%         N/A       100%        5
 Blade Hands              Tmut           0%         N/A       100%        5
 Fireball                 Conj/Fire      0%         3d3       100%        5
 Irradiate                Conj/Tmut      0%         3d11      100%        5
 Iskenderun's Battlesphe  Conj           0%         2d6       100%        5
 Lee's Rapid Deconstruct  Erth           0%         3d4*      100%        5
 Silence                  Hex/Air        0%         N/A       100%        5
 Conjure Ball Lightning   Conj/Air       0%         3x3d6     100%        6
 Death Channel            Necr           0%         N/A       100%        6
 Simulacrum               Ice/Necr       0%         N/A       100%        6
 Statue Form              Tmut/Erth      0%         N/A       100%        6
 Dragon Form              Tmut           0%         N/A       100%        7
 Orb of Destruction       Conj           0%         9d5       100%        7
 Ozocubu's Refrigeration  Ice            0%         4d7       100%        7
 Ignition                 Fire           0%         3d3       100%        8
 Chain Lightning          Conj/Air       0%         N/A       100%        9
 Fire Storm               Conj/Fire      0%         5d1       100%        9
 Shatter                  Erth           0%         3d5*      100%        9


Dungeon Overview and Level Annotations

Branches:
Dungeon (15/15)            Temple (1/1) D:7            Lair (5/5) D:8
 Shoals (3/4) Lair:2        Snake (0/4) Lair:2        Slime (0/5) Lair:5
    Orc (2/2) D:9             Elf (0/3) Orc:2        Vaults (0/5) D:14
 Depths (0/4) D:15          Sewer (visited)         Ossuary (visited)

Altars:
Ashenzari
Cheibriados
Dithmenos
Fedhas
Gozag
Hepliaklqana
Kikubaaqudgha
Makhleb
Nemelex Xobeh
Okawaru
Qazlal
Ru
Sif Muna
Trog
Uskayaw
Vehumet
Wu Jian
Xom
Yredelemnul
Jiyva

Shops:
D:6 (   Orc:2 ![[[


Innate Abilities, Weirdness & Mutations

You have a pair of antennae on your head.
You have hoof-like feet.
A meltable shield of frost defends you. (SH +4)
Your hexes are more powerful.
Your touch may irresistibly damage your foes and sap their willpower.
You are agile. (Dex +4, Str/Int -1)
You are strong-willed. (Will+)
Your spells are a little harder to cast, but a little more powerful.


Message History

Your balrug gestures at the merfolk aquamancer.
The bolt of fire hits the merfolk aquamancer!!!
The merfolk aquamancer dies!
Makhleb accepts your kill. The water elemental hits you.
You block the merfolk's attack.
You feel better. The water elemental hits you.
The water elemental engulfs you in water!
The merfolk hits you with a +0 quarterstaff!
* * * LOW HITPOINT WARNING * * *
The merfolk attacks as you move away!
The merfolk hits you with a +0 quarterstaff!
* * * LOW HITPOINT WARNING * * *
You slip free of the water engulfing you.
You gasp with relief as air once again reaches your lungs.
The merfolk throws a boomerang.
The boomerang hits your balrug!
Your balrug hits the water elemental with a +0 demon whip.
The water elemental is engulfed in flames!!!
The water elemental is burned terribly!
The water elemental is destroyed!
Makhleb accepts your kill.
Your unstable footing causes you to fumble your attack.
The merfolk hits you with a +0 quarterstaff.
* * * LOW HITPOINT WARNING * * *
Your balrug hits the merfolk with a +0 demon whip!!
The merfolk is engulfed in flames!!
You closely miss the merfolk.
The merfolk is almost dead.
Your balrug barely misses the merfolk.
The merfolk hits you with a +0 quarterstaff!
* * * LOW HITPOINT WARNING * * *
You feel better.
Your balrug hits the merfolk with a +0 demon whip!!
The merfolk dies!
Makhleb accepts your kill.
The merfolk throws a boomerang.
The boomerang hits you!
* * * LOW HITPOINT WARNING * * *
You feel better.
The merfolk aquamancer casts a spell at you.
The shard of ice hits you!!
You die...

≈~~≈≈≈≈≈≈≈≈≈≈≈~~~~~~~~≈≈≈~
≈≈≈~~~≈≈≈~~~≈≈≈~...~~~~~~≈≈~
~~~~~≈≈≈≈~~~~~~.....~~~~~~~~
~~≈≈≈≈≈≈~~~~~.........~~~~~~
~~~≈≈≈≈≈~~~~...m.......~~~~~
~~~≈≈≈≈≈~~~2...........~~~~.
~~~≈≈≈≈≈~~~m..........~~~~..
~~~≈≈≈≈≈~~~).........~~~~~~.
~~~~.~©.~.~@~...[......~~≈~.
~###########§~)........~~≈~.
{ ##~........~~~~~.
#~........~~~~~~
#~.......~~~~~~~
#~......~≈≈≈≈≈~~
#~.......≈≈≈~...
#~......≈≈≈≈....
#~......≈≈......


You could see a merfolk aquamancer, a merfolk (ally target) and a friendly
balrug (summoned).

Vanquished Creatures
  Gastronok (D:8)
  Kirke (D:15)
  2 orc warlords (D:9)
  Nessos (Lair:3)
  A minotaur (D:15)
  The ghost of Ijustatesigmund the Fighter, a journeyman GrEE of Vehumet (Lair:1)
  A rakshasa (D:13)
  7 hydras
  An ice dragon (Lair:1)
  2 merfolk avatars
  Erica (D:8)
  3 tengu warriors
  2 death knights
  5 centaur warriors
  6 two-headed ogres
  A satyr (Shoals:1)
  A catoblepas (Lair:4)
  5 boulder beetles
  3 orc high priests
  3 skeletal warriors
  3 sea snakes
  A lindwurm (Lair:5)
  A tengu zombie (D:15)
  A swamp dragon (shapeshifter) (D:7)
  2 phantasmal warriors
  A wizard (D:14)
  A deep elf archer (D:14)
  A necromancer (D:15)
  2 deep elf zephyrmancers (D:14)
  11 harpies
  4 deep elf pyromancers
  A stone giant zombie (D:15)
  7 orc knights
  7 ugly things
  7 orc sorcerers
  3 fauns (Shoals:1)
  12 manticores
  2 sphinx skeletons (D:15)
  3 cyclopes
  6 black mambas
  3 merfolk sirens (Shoals:1)
  Maurice (D:12)
  20 cane toads
  5 water nymphs (D:15)
  A gargoyle (D:12)
  3 rime drakes
  8 komodo dragons
  5 yaktaurs (D:15)
  3 tengu conjurers
  7 trolls
  A wind drake (Shoals:2)
  4 merfolk
  3 polar bears
  A hornet (D:10)
  Grinder (D:3)
  3 tyrant leeches (Lair:5)
  17 blink frogs
  A tarantella (shapeshifter) (D:13)
  A dream sheep (shapeshifter) (D:15)
  8 slime creatures
  3 snapping turtles
  A vampire (D:11)
  2 shadows
  4 wyverns
  49 yaks
  3 water elementals (Shoals:1)
  3 wraiths
  Eustachio (D:6)
  6 basilisks
  2 steam dragons
  15 vampire mosquitoes
  2 wargs (D:15)
  2 acid dragons
  15 water moccasins
  31 orc warriors
  A sky beast (shapeshifter) (D:14)
  A black bear (shapeshifter) (D:13)
  Pargi (Sewer)
  2 ice beasts
  5 ogres
  3 black bears
  6 wolves
  19 centaurs
  12 bullfrogs
  2 kobold brigands
  3 phantoms
  3 gnoll sergeants
  5 wights (D:9)
  26 killer bees
  8 electric eels
  8 howler monkeys
  25 orc priests
  12 hounds
  4 jellies
  Ijyb (D:3)
  Natasha (thrice) (D:3)
  A gnoll bouda (D:9)
  Terence (D:3)
  4 iguanas
  30 orc wizards
  A hound zombie (Ossuary)
  4 mummies (Ossuary)
  Robin (D:3)
  14 adders
  18 gnolls
  2 white imps
  2 ufetubi
  3 adder zombies (Ossuary)
  A worm (D:4)
  The ghost of M4edhros the Sneak, a weakling OpDe (D:6)
  4 dart slugs
  97 orcs
  7 endoplasms
  5 giant cockroaches
  15 goblins
  11 hobgoblins
  12 jackals
  6 quokkas
  3 training dummies (D:6)
  6 ball pythons
  15 bats
  5 frilled lizards
  3 gnoll zombies (Ossuary)
  2 hobgoblin zombies (Ossuary)
  17 kobolds
  2 kobold zombies (Ossuary)
  An orc zombie (Ossuary)
  13 rats
  A rat zombie (Ossuary)
  A butterfly (Lair:5)
818 creatures vanquished.

Vanquished Creatures (collateral kills)
  The ghost of Koups the Warrior, a journeyman MiBe of Trog (D:15)
  A merfolk aquamancer (Shoals:2)
  A merfolk avatar (Shoals:3)
  A centaur warrior (D:15)
  A boulder beetle (D:15)
  2 sea snakes
  2 harpies (Shoals:1)
  A cyclops (Shoals:1)
  A manticore (Shoals:1)
  A wind drake (Shoals:3)
  A merfolk (Shoals:2)
  2 snapping turtles
  3 dream sheep (Shoals:1)
  A water elemental (Shoals:2)
  3 orc warriors
  An orc priest (Orc:1)
  An orc wizard (D:15)
  6 orcs
30 creatures vanquished.

Vanquished Creatures (others)
  A tengu warrior (D:15)
  A snapping turtle (Shoals:2)
  A bullfrog (D:8)
  2 orc wizards (Orc:2)
  2 orcs (Orc:1)
  27 fungi
  97 plants
  17 withered plants (D:15)
148 creatures vanquished.

Grand Total: 996 creatures vanquished

Notes
Turn   | Place    | Note
-------+----------+-------------------------------------------
     0 | D:1      | Rrauwl the Demonspawn Fighter began the quest for the Orb.
     0 | D:1      | Reached XP level 1. HP: 18/18 MP: 1/1
   146 | D:1      | Discovered your monstrous ancestry.
   146 | D:1      | Gained mutation: You have a pair of small antennae on your
                  | head. [demonic ancestry]
   146 | D:1      | Reached XP level 2. HP: 24/24 MP: 2/2
   466 | D:1      | Found a faded altar of an unknown god.
   484 | D:1      | Found a faded altar of an unknown god.
   649 | D:1      | Reached XP level 3. HP: 29/29 MP: 3/3
  1115 | D:2      | Gained mutation: A meltable shield of frost defends you.
                  | (SH +4) [demonic ancestry]
  1115 | D:2      | Reached XP level 4. HP: 30/35 MP: 4/4
  1659 | D:3      | Noticed Ijyb
  1666 | D:3      | Reached XP level 5. HP: 41/41 MP: 5/5
  1669 | D:3      | Killed Ijyb
  1785 | D:3      | Noticed Robin
  1814 | D:3      | Killed Robin
  1876 | D:3      | Noticed Natasha
  1885 | D:3      | Killed Natasha
  1978 | D:3      | Noticed Natasha
  1978 | D:3      | Noticed Terence
  1981 | D:3      | Killed Natasha
  1982 | D:3      | Gained mutation: Your touch may inflict minor irresistible
                  | damage on your foes. [demonic ancestry]
  1982 | D:3      | Reached XP level 6. HP: 47/47 MP: 6/6
  1991 | D:3      | Killed Terence
  2028 | D:3      | Noticed Natasha
  2036 | D:3      | Killed Natasha
  2342 | D:3      | Noticed Grinder
  2347 | D:3      | Paralysed by Grinder for 3 turns
  2359 | D:3      | Killed Grinder
  2360 | D:3      | Reached skill level 5 in Shields
  2360 | D:3      | Gained mutation: You have a pair of antennae on your head.
                  | [demonic ancestry]
  2360 | D:3      | Reached XP level 7. HP: 37/52 MP: 7/7
  2753 | D:4      | Reached skill level 5 in Polearms
  3190 | D:5      | Entered Level 5 of the Dungeon
  3538 | D:5      | Gained mutation: You have large cloven feet. [demonic
                  | ancestry]
  3538 | D:5      | Reached XP level 8. HP: 43/58 MP: 8/8
  3707 | D:5      | Found a glowing drain.
  3782 | Sewer    | Entered a sewer
  3877 | Sewer    | Noticed Pargi
  3886 | Sewer    | Killed Pargi
  4436 | D:6      | Found a runed translucent gate.
  4438 | D:6      | Noticed a cyclops
  4438 | D:6      | Noticed M4edhros's ghost (weakling OpDe)
  4439 | D:6      | Found a runed translucent gate.
  4441 | D:6      | Found a runed translucent gate.
  4488 | D:6      | Found Purphen's Firing Range.
  4586 | D:6      | Noticed Eustachio
  4597 | D:6      | Killed Eustachio
  4662 | D:6      | Gained mutation: Your touch may inflict irresistible damage
                  | on your foes. [demonic ancestry]
  4662 | D:6      | Reached XP level 9. HP: 55/63 MP: 9/9
  4858 | D:6      | Gained mutation: You are strong-willed. (Will+) [potion of
                  | mutation]
  4858 | D:6      | Gained mutation: You are agile. (Dex +4, Str/Int -1)
                  | [potion of mutation]
  4858 | D:6      | Gained mutation: Your spells are a little harder to cast,
                  | but a little more powerful. [potion of mutation]
  4973 | D:6      | Reached skill level 1 in Dodging
  5251 | D:6      | Killed M4edhros's ghost
  5260 | D:6      | Killed a cyclops
  5266 | D:6      | Reached skill level 10 in Polearms
  5464 | D:7      | Found a sand-covered staircase.
  5473 | Ossuary  | Entered an ossuary
  5862 | D:7      | Found a staircase to the Ecumenical Temple.
  5873 | Temple   | Entered the Ecumenical Temple
  6145 | Temple   | Became a worshipper of Makhleb the Destroyer
  6460 | D:7      | a killer bee changed into a glowing shapeshifter
  6460 | D:7      | Noticed a glowing shapeshifter (glowing shapeshifter)
  6460 | D:7      | a glowing shapeshifter changed into a snapping turtle
  6465 | D:7      | a snapping turtle changed into a two-headed ogre
  6465 | D:7      | Noticed a two-headed ogre (glowing shapeshifter)
  6466 | D:7      | a two-headed ogre changed into a mana viper
  6466 | D:7      | Noticed a mana viper (glowing shapeshifter)
  6468 | D:7      | a mana viper changed into an eye of devastation
  6468 | D:7      | Noticed an eye of devastation (glowing shapeshifter)
  6470 | D:7      | an eye of devastation changed into a swamp dragon
  6470 | D:7      | Noticed a swamp dragon (glowing shapeshifter)
  6481 | D:7      | Killed a swamp dragon
  6482 | D:7      | Gained mutation: You have hoof-like feet. [demonic
                  | ancestry]
  6482 | D:7      | Reached XP level 10. HP: 51/71 MP: 10/10
  6679 | D:7      | You fall into a shaft and drop 3 floors!
  6679 | D:10     | Entered Level 10 of the Dungeon
  6898 | D:9      | Reached * piety under Makhleb
  6915 | D:9      | Noticed a two-headed ogre
  6924 | D:9      | Killed a two-headed ogre
  7333 | D:9      | Noticed a two-headed ogre
  7402 | D:8      | Identified the +6 chain mail of Dixubrot {rElec Int+4}
  7524 | D:8      | Reached ** piety under Makhleb
  7678 | D:8      | Noticed Erica
  7686 | D:8      | Killed Erica
  7687 | D:8      | Reached skill level 5 in Armour
  7729 | D:8      | Noticed Gastronok
  7754 | D:8      | Killed Gastronok
  7755 | D:8      | Reached XP level 11. HP: 32/77 MP: 11/11
  7926 | D:8      | Found a staircase to the Lair.
  8542 | Lair:1   | Entered Level 1 of the Lair of Beasts
  8587 | Lair:1   | Found a runed translucent door.
  8587 | Lair:1   | Noticed Ijustatesigmund's ghost (journeyman GrEE)
  9215 | Lair:1   | Noticed an ice dragon
  9248 | Lair:1   | Killed an ice dragon
  9636 | Lair:1   | Killed Ijustatesigmund's ghost
  9891 | Lair:2   | Reached *** piety under Makhleb
 10205 | Lair:2   | Found a staircase to the Snake Pit.
 10622 | Lair:2   | Found a staircase to the Shoals.
 11299 | Lair:3   | Gained mutation: Your touch may irresistibly damage your
                  | foes and sap their willpower. [demonic ancestry]
 11299 | Lair:3   | Reached XP level 12. HP: 83/83 MP: 12/12
 11820 | Lair:3   | Reached skill level 10 in Armour
 11969 | Lair:3   | Noticed Nessos
 11983 | Lair:3   | Killed Nessos
 11984 | Lair:3   | Reached skill level 5 in Fighting
 12237 | Lair:4   | Noticed a four-headed hydra
 12246 | Lair:4   | Killed a four-headed hydra
 12547 | Lair:4   | Noticed a catoblepas
 12593 | Lair:4   | Killed a catoblepas
 12625 | Lair:4   | Reached **** piety under Makhleb
 12887 | Lair:4   | Noticed an eight-headed hydra
 12896 | Lair:4   | Killed an eight-headed hydra
 13539 | Lair:5   | Entered Level 5 of the Lair of Beasts
 14083 | Lair:5   | Reached skill level 10 in Fighting
 14084 | Lair:5   | Reached skill level 1 in Invocations
 14087 | Lair:5   | Reached skill level 2 in Invocations
 14101 | Lair:5   | Reached skill level 3 in Invocations
 14162 | Lair:5   | Noticed a six-headed hydra
 14171 | Lair:5   | Killed a six-headed hydra
 14172 | Lair:5   | Reached skill level 4 in Invocations
 14205 | Lair:5   | Reached skill level 5 in Invocations
 14255 | Lair:5   | Gained mutation: Your hexes are more powerful. [demonic
                  | ancestry]
 14255 | Lair:5   | Reached XP level 13. HP: 103/103 MP: 15/17
 14281 | Lair:5   | Reached skill level 6 in Invocations
 14287 | Lair:5   | Reached ***** piety under Makhleb
 14361 | Lair:5   | Reached skill level 7 in Invocations
 14500 | Lair:5   | Reached skill level 8 in Invocations
 14636 | Lair:5   | Reached skill level 9 in Invocations
 15040 | Lair:5   | Reached skill level 10 in Invocations
 15126 | Lair:5   | Reached skill level 11 in Invocations
 15522 | Lair:5   | Found a runed translucent door.
 15523 | Lair:5   | Found a viscous altar of Jiyva.
 15525 | Lair:5   | Found a staircase to the Slime Pits.
 15718 | Lair:5   | Reached skill level 12 in Invocations
 16403 | D:9      | Found a staircase to the Orcish Mines.
 16799 | D:10     | Reached skill level 13 in Invocations
 17111 | D:10     | Found a hazy altar of Hepliaklqana.
 17117 | D:10     | Found a hide-covered altar of Uskayaw.
 17118 | D:10     | Found a shadowy altar of Dithmenos.
 17120 | D:10     | Found a stormy altar of Qazlal.
 17121 | D:10     | Found a bloodstained altar of Trog.
 17123 | D:10     | Found a sparkling altar of Nemelex Xobeh.
 17216 | D:10     | Found a broken altar of Ashenzari.
 17263 | D:11     | Found an opulent altar of Gozag.
 18323 | D:11     | Reached skill level 14 in Invocations
 18805 | D:12     | Reached XP level 14. HP: 107/110 MP: 24/24
 19346 | D:12     | Noticed Maurice
 19354 | D:12     | Killed Maurice
 19423 | D:12     | Identified the ring of the Raven {Fire Dex+2}
 19551 | D:12     | Identified a scroll of acquirement
 19552 | D:12     | Acquired 1077 gold pieces
 19907 | D:13     | Reached skill level 15 in Invocations
 20297 | D:13     | Reached skill level 15 in Polearms
 20824 | D:13     | Found an iron altar of Okawaru.
 21035 | Orc:1    | Entered Level 1 of the Orcish Mines
 21035 | Orc:1    | Noticed an orc warlord
 21074 | D:9      | Killed an orc warlord
 21478 | Orc:1    | Reached skill level 1 in Evocations
 21738 | Orc:1    | Reached ****** piety under Makhleb
 21739 | Orc:1    | Noticed an orc warlord
 21905 | D:9      | Killed an orc warlord
 22154 | Orc:1    | Reached skill level 16 in Invocations
 22410 | Orc:2    | Entered Level 2 of the Orcish Mines
 23642 | Orc:2    | Found a staircase to the Elven Halls.
 24006 | Orc:2    | Found Hufun's Antique Armour Boutique.
 24006 | Orc:2    | Found Nudof's Armour Emporium.
 24008 | Orc:2    | Found Reagukk's Distillery.
 24008 | Orc:2    | Found Xuw Jahacs's Antique Armour Emporium.
 24017 | Orc:2    | Bought a potion of heal wounds for 70 gold pieces
 24017 | Orc:2    | Bought 2 potions of curing for 84 gold pieces
 24025 | Orc:2    | Bought an embroidered cloak for 180 gold pieces
 24511 | D:14     | Found a broken altar of Ashenzari.
 24617 | D:14     | Reached skill level 5 in Evocations
 24922 | D:14     | Reached XP level 15. HP: 85/115 MP: 27/27
 25211 | D:14     | Found a gate to the Vaults.
 25424 | D:14     | Reached skill level 17 in Invocations
 25971 | D:15     | Entered Level 15 of the Dungeon
 25995 | D:15     | Found a staircase to the Depths.
 26012 | D:15     | Acquired the ring of the Voracious Apricot {rCorr Str+5
                  | Dex-3 SInv}
 26100 | D:15     | Reached skill level 18 in Invocations
 26626 | D:15     | Noticed Kirke
 26644 | D:15     | Killed Kirke
 27370 | D:15     | Found a runed translucent gate.
 27371 | D:15     | Found a runed translucent gate.
 27371 | D:15     | Found a runed translucent gate.
 27451 | D:15     | Found an opulent altar of Gozag.
 27488 | D:15     | Noticed Koups's ghost (journeyman MiBe)
 27523 | D:15     | Identified the amulet "Gexzuse" {Rampage Regen+ MP+9 Str+3}
 27546 | D:15     | Reached skill level 19 in Invocations
 28220 | D:15     | Killed Koups's ghost
 28679 | Shoals:1 | Entered Level 1 of the Shoals
 29225 | Shoals:1 | Reached XP level 16. HP: 122/122 MP: 29/29
 29259 | Shoals:1 | Reached skill level 20 in Invocations
 29538 | Shoals:2 | You fall into a shaft and drop 1 floor!
 29848 | Shoals:2 | HP: 2/122 [merfolk/boomerang[a merfolk aquamancer] (16)]
 29849 | Shoals:2 | Killed from afar by a merfolk aquamancer

Illustrated notes

Levels and vault maps discovered:
D:1:      dpeg_arrival_pits, layout_loops_ring, serial_glass, glass_columns_b,
          glass_columns_a, glass_columns_c, glass_columns_a, glass_columns_a,
          glass_columns_b, hellmonk_ecumenical_altar_the_god_not_taken
D:2:      layout_loops_ring
D:3:      layout_basic, eino_tiny_chamber, uniq_ijyb, uniq_robin, uniq_grinder,
          uniq_terence, uniq_natasha
D:4:      layout_loops_ring
D:5:      minmay_inner_zag, layout_basic, portal_sewer_entry_a,
          minmay_increasing_density
D:6:      nicolae_cairo_tiling_very_big, layout_loops_ring,
          gammafunk_ghost_split, nicolae_shop_firing_range, uniq_eustachio
D:7:      layout_basic, minmay_temple_entry_glass, nicolae_ossuary_entry_ruins
D:8:      layout_basic, erik_lair_island, special_room [special_room_orc],
          st_stairs_14, uniq_erica, uniq_gastronok
D:9:      layout_loops_corners, orc_0_dummy, st_stairs_10
D:10:     layout_small_grid, nicolae_overflow_hallway_of_the_gods,
          general_overflow_altar, item_on_display_a
D:11:     layout_roguey, grunt_gozag_statues
D:12:     layout_gridville, uniq_maurice
D:13:     layout_loops_ring, okawaru_gym_becter
D:14:     layout_loops_ring, david_vaults_1, chequers_serial_rivers_marsh,
          cheibrodos_ashenzari_chains
D:15:     gammafunk_depths_entry_grave, layout_loops_ring, basic_altar,
          maelrawn_ghost_gauntlet_escape, nicolae_splish_splash, uniq_kirke
Temple:   minmay_temple_curvy_branch
Lair:1:   dragon1_lemuel, layout_cave_pods, hellmonk_ghost_happy_afterlife
Lair:2:   layout_small_grid, elwin_shoals_entry_rooms, dummy_snake_entry,
          guppyfry_lair_drakes, serial_bayou_shore_a
Lair:3:   layout_cave_pods, serial_bayou_shore_b, uniq_nessos
Lair:4:   layout_concentric_octagons, serial_bayou_shore_b
Lair:5:   minmay_lair_end_frog_pond, layout_cave_pods, slime_entry_2,
          lemuel_fruit_fields
Shoals:1: layout_shoals
Shoals:2: layout_shoals, ebering_ghost_davey_jones
Shoals:3: layout_shoals
Orc:1:    layout_caves, basic_altar
Orc:2:    grunt_orc_tribal_feast, layout_caves

Skill      XL: |  1  2  3  4  5  6  7  8  9 10 11 12 13 14 15 16 |
---------------+-------------------------------------------------+-----
Polearms       | 2 3 4 6 9 11 13 14 16 | 16.0
Armour         | 3 4 5 9 10 11 12 | 12.9
Shields        | 3 4 5 6 |  6.0
Dodging        | 4 |  4.0
Fighting       | 4 10 | 10.0
Invocations    | 5 14 16 19 20 | 20.0
Evocations     | 5 |  5.0

Action                     |  1- 3 |  4- 6 |  7- 9 | 10-12 | 13-15 | 16-18 || total
---------------------------+-------+-------+-------+-------+-------+-------++-------
  Melee: Trident           |   128 |   176 |   558 |  1056 |  1593 |    71 ||  3582
 Invoke: Minor Destruction |       |       |       |     4 |     1 |       ||     5
         Lesser Servant of |       |       |       |       |     6 |       ||     6
         Major Destruction |       |       |       |       |    18 |       ||    18
         Greater Servant o |       |       |       |       |     8 |     4 ||    12
  Evoke: Wand              |       |     5 |    16 |     4 |    15 |       ||    40
         Phial of floods   |       |       |       |     1 |     1 |       ||     2
         Condenser vane    |       |       |       |     1 |     2 |       ||     3
    Use: Potion            |     1 |     3 |     7 |    16 |     7 |     3 ||    37
         Scroll            |       |     8 |    15 |     6 |    14 |     2 ||    45
   Stab: Invisible         |       |     2 |     4 |     2 |       |       ||     8
         Paralysed         |       |       |     9 |     4 |       |       ||    13
         Sleeping          |       |       |     1 |     1 |       |       ||     2
         Confused          |       |       |       |     2 |       |       ||     2
         Distracted        |       |       |       |     1 |     2 |       ||     3
         Petrified         |       |       |       |    11 |       |       ||    11
 Armour: Scale mail        |    59 |    38 |       |       |       |       ||    97
         Chain mail        |       |     6 |    59 |   142 |   613 |    46 ||   866
         Troll leather arm |       |       |    65 |    26 |       |       ||    91
         Skin              |       |       |     7 |    13 |       |       ||    20
  Dodge: Dodged            |    46 |    51 |   132 |   161 |   445 |    33 ||   868
  Block: Buckler           |    42 |   151 |   326 |   454 |  1051 |    37 ||  2061
         Reflection        |       |     1 |     2 |    19 |    87 |       ||   109

Table legend: (Time is in decaauts)
 A = Elapsed time spent in this place.
 B = Non-inter-level travel time spent in this place.
 C = Inter-level travel time spent in this place.
 D = Time resting spent in this place.
 E = Time spent auto-exploring this place.
 F = Levels seen in this place.
 G = Mean time per level.
                   A        B        C        D        E       F      G
               +--------+--------+--------+--------+--------+-----+--------+
         Total |  29572 |  28332 |   1240 |    706 |  21219 |  28 | 1056.1 |
       Dungeon |  18061 |  17265 |    796 |    440 |  12643 |  15 | 1204.1 |
        Temple |    294 |    272 |     22 |      0 |    246 |   1 |  294.0 |
          Lair |   7324 |   6976 |    348 |    194 |   5548 |   5 | 1464.8 |
        Shoals |   1180 |   1162 |     18 |     62 |    747 |   3 |  393.3 |
  Orcish Mines |   2377 |   2322 |     55 |     10 |   1834 |   2 | 1188.5 |
         Sewer |    163 |    163 |      0 |      0 |    104 |   1 |  163.0 |
       Ossuary |    170 |    170 |      0 |      0 |     96 |   1 |  170.0 |
               +--------+--------+--------+--------+--------+-----+--------+

Top non-repeatable levels by time:
    D:15: 2504 daAuts
     D:9: 2105 daAuts
  Lair:5: 1974 daAuts
  Lair:4: 1569 daAuts
    D:14: 1514 daAuts
    D:10: 1417 daAuts
  Lair:1: 1339 daAuts
   Orc:1: 1293 daAuts
  Lair:3: 1269 daAuts
    D:11: 1243 daAuts
    D:12: 1197 daAuts
  Lair:2: 1171 daAuts
     D:8: 1162 daAuts
   Orc:2: 1084 daAuts
     D:5: 1042 daAuts
